3089 views
Uploaded 2020-04-19 16:37:16
Game version 1.32.3
16:38 long 1on1 custom game on (2)Amazonia
Game name "W3Champions-20-t6U2XvK3oq"
Saved by Dziango
3089 views
Uploaded 2020-04-19 16:37:16
Game version 1.32.3
16:38 long 1on1 custom game on (2)Amazonia
Game name "W3Champions-20-t6U2XvK3oq"
40 units @ 4.7k
/ 0.5k
12 buildings @ 2.2k
/ 0.9k


| Lesser Clarity Potion | 3 | 210 |
| Staff of Preservation | 1 | 150 |
| Moonstone | 1 | 50 |
| Scroll of Town Portal | 2 | 700 |
| Scroll of Healing | 1 | 250 |
| total: | 8 | 1360g |
| Wisp | 15 | 900 | / | 0 |
| Archer | 5 | 650 | / | 50 |
| Hippogryph | 2 | 320 | / | 40 |
| Faerie Dragon | 18 | 2790 | / | 450 |
| total: | 40 | 4660g | / | 540w |
| Altar of Elders | 1 | 180 | / | 50 |
| Moon Well | 5 | 900 | / | 200 |
| Ancient of War | 1 | 150 | / | 60 |
| Ancient of Wonders | 1 | 90 | / | 30 |
| Hunter's Hall | 1 | 210 | / | 100 |
| Tree of Life | 1 | 340 | / | 185 |
| Ancient of Wind | 2 | 300 | / | 280 |
| Tree of Ages | 1 | 320 | / | 180 |
| total: | 12 | 2170g | / | 905w |
| 0:01 | Wisp |
| 0:04 | Altar of Elders |
| 0:09 | Wisp |
| 0:16 | Moon Well |
| 0:22 | Ancient of War |
| 0:31 | Wisp |
| 0:41 | Wisp |
| 0:46 | Wisp |
| 0:57 | Wisp |
| 1:11 | Wisp |
| 1:23 | Archer |
| 1:32 | Wisp |
| 1:38 | Moon Well |
| 1:55 | Wisp |
| 2:04 | Force of Nature |
| 2:42 | Entangling Roots |
| 2:48 | Wisp |
| 2:48 | Wisp |
| 2:52 | Moon Well |
| 2:56 | Archer |
| 3:02 | Tree of Ages |
| 3:06 | Archer |
| 3:28 | Archer |
| 4:15 | Ancient of Wonders |
| 4:16 | Moon Well |
| 4:30 | Force of Nature |
| 5:30 | Ancient of Wind |
| 5:31 | Ancient of Wind |
| 5:33 | Lesser Clarity Potion |
| 5:33 | Staff of Preservation |
| 5:44 | Acid Bomb |
| 5:56 | Improved Bows |
| 6:12 | Hunter's Hall |
| 6:40 | Hippogryph |
| 7:07 | Hippogryph |
| 7:09 | Chemical Rage |
| 7:21 | Archer |
| 7:32 | Lesser Clarity Potion |
| 7:32 | Scroll of Town Portal |
| 7:41 | Faerie Dragon |
| 7:52 | Entangling Roots |
| 8:04 | Strength of the Wild |
| 8:04 | Ultravision |
| 8:37 | Faerie Dragon |
| 8:41 | Moon Well |
| 9:10 | Faerie Dragon |
| 9:20 | Acid Bomb |
| 9:37 | Tree of Life |
| 9:55 | Faerie Dragon |
| 10:07 | Improved Strength of the Wild |
| 10:35 | Faerie Dragon |
| 10:46 | Faerie Dragon |
| 11:15 | Lesser Clarity Potion |
| 11:19 | Moonstone |
| 11:25 | Faerie Dragon |
| 11:54 | Faerie Dragon |
| 12:12 | Faerie Dragon |
| 12:40 | Wisp |
| 12:40 | Wisp |
| 12:41 | Wisp |
| 13:04 | Wisp |
| 13:20 | Faerie Dragon |
| 13:45 | Faerie Dragon |
| 14:07 | Faerie Dragon |
| 14:23 | Scroll of Healing |
| 14:39 | Faerie Dragon |
| 14:41 | Faerie Dragon |
| 15:10 | Faerie Dragon |
| 15:11 | Faerie Dragon |
| 15:30 | Scroll of Town Portal |
| 15:46 | Faerie Dragon |
| 16:27 | Force of Nature |
| 16:31 | Faerie Dragon |
25 units @ 4.5k
/ 0.7k
14 buildings @ 2.4k
/ 0.6k


| Rod of Necromancy | 3 | 450 |
| Orb of Corruption | 1 | 375 |
| Dust of Appearance | 1 | 75 |
| Scroll of Healing | 2 | 500 |
| Potion of Lesser Invulnerability | 3 | 450 |
| total: | 10 | 1850g |
| Acolyte | 5 | 375 | / | 0 |
| Ghoul | 2 | 240 | / | 0 |
| Crypt Fiend | 14 | 3010 | / | 560 |
| Obsidian Statue | 3 | 600 | / | 105 |
| Abomination | 1 | 240 | / | 70 |
| total: | 25 | 4465g | / | 735w |
| Ziggurat | 7 | 1050 | / | 350 |
| Altar of Darkness | 1 | 180 | / | 50 |
| Crypt | 1 | 200 | / | 50 |
| Tomb of Relics | 1 | 130 | / | 30 |
| Graveyard | 2 | 430 | / | 0 |
| Necropolis | 1 | 225 | / | 0 |
| Slaughterhouse | 1 | 140 | / | 135 |
| Halls of the Dead | 1 | 320 | / | 210 |
| Black Citadel | 1 | 325 | / | 230 |
| total: | 14 | 2355g | / | 615w |
| 0:01 | Acolyte |
| 0:03 | Ziggurat |
| 0:04 | Altar of Darkness |
| 0:13 | Acolyte |
| 0:32 | Crypt |
| 0:40 | Acolyte |
| 1:00 | Tomb of Relics |
| 1:14 | Graveyard |
| 1:32 | Ghoul |
| 1:39 | Ghoul |
| 2:04 | Rod of Necromancy |
| 2:06 | Death Coil |
| 2:46 | Halls of the Dead |
| 2:58 | Crypt Fiend |
| 3:06 | Ziggurat |
| 3:58 | Crypt Fiend |
| 4:29 | Crypt Fiend |
| 4:39 | Rod of Necromancy |
| 4:39 | Dust of Appearance |
| 4:41 | Unholy Aura |
| 5:23 | Black Citadel |
| 5:38 | Graveyard |
| 5:43 | Slaughterhouse |
| 5:54 | Ziggurat |
| 6:06 | Frost Nova |
| 6:11 | Rod of Necromancy |
| 6:25 | Ziggurat |
| 6:41 | Death Coil |
| 6:49 | Obsidian Statue |
| 6:54 | Burrow |
| 7:12 | Crypt Fiend |
| 7:28 | Obsidian Statue |
| 7:50 | Web |
| 8:28 | Crypt Fiend |
| 8:31 | Frost Armor |
| 8:43 | Potion of Lesser Invulnerability |
| 8:45 | Abomination |
| 9:01 | Crypt Fiend |
| 9:17 | Orb of Corruption |
| 9:37 | Crypt Fiend |
| 10:01 | Crypt Fiend |
| 10:12 | Creature Attack |
| 10:42 | Crypt Fiend |
| 11:08 | Crypt Fiend |
| 11:16 | Improved Creature Attack |
| 11:24 | Unholy Aura |
| 11:34 | Ziggurat |
| 11:46 | Frost Nova |
| 11:58 | Unholy Aura |
| 12:10 | Crypt Fiend |
| 12:36 | Death Coil |
| 12:40 | Obsidian Statue |
| 12:45 | Potion of Lesser Invulnerability |
| 12:45 | Scroll of Healing |
| 12:54 | Frost Armor |
| 12:56 | Acolyte |
| 12:58 | Creature Carapace |
| 13:13 | Disease Cloud |
| 13:48 | Crypt Fiend |
| 14:25 | Crypt Fiend |
| 14:27 | Necropolis |
| 14:50 | Potion of Lesser Invulnerability |
| 14:50 | Scroll of Healing |
| 14:55 | Crypt Fiend |
| 15:12 | Ziggurat |
| 15:25 | Ziggurat |
| 15:53 | Acolyte |
| 16:10 | Frost Nova |